 Dungeon Crawl Stone Soup version 0.21.1-1-g345015f (webtiles) character file.

26579 kae the Martial Artist (level 12, 0/94 HPs)
             Began as a Demonspawn Transmuter on June 13, 2018.
             Was an Elder of Makhleb.
             Slain by Rupert
             ... wielding a +3 great mace of draining
              (2 damage)
             ... on level 4 of the Lair of Beasts.
             The game lasted 00:22:43 (18806 turns).

kae the Martial Artist (Demonspawn Transmuter)     Turns: 18806, Time: 00:22:44

Health: 0/94       AC: 25    Str: 12    XL:     12   Next: 99%
Magic:  0/24       EV: 16    Int: 17    God:    Makhleb [****..]
Gold:   978        SH:  4    Dex: 18    Spells: 12/27 levels left

rFire    + + .     SeeInvis .     - Unarmed
rCold    + . .     Gourm    .   (shield currently unavailable)
rNeg     . . .     Faith    .   J - +2 robe {rF+}
rPois    .         Spirit   +   K - +2 hat {Int+3}
rElec    .         Reflect  +   p - scarf {rC+ rF+}
rCorr    .         Harm     .   (gloves currently unavailable)
MR       .....                  (no boots)
Stlth    ++........             b - +4 amulet of reflection
HPRegen  0.25/turn              j - +5 ring of protection
MPRegen  0.38/turn              z - +5 ring of protection

@: blade hands, sanguine armour, very slightly contaminated, heavily drained
A: antennae 2, powered by pain 2, magic shield, magic regeneration, sanguine
armour 2
a: End Transformation, Minor Destruction, Lesser Servant of Makhleb, Major
Destruction, Renounce Religion


You were on level 4 of the Lair of Beasts.
You worshipped Makhleb.
Makhleb was greatly pleased with you.
You were not hungry.
You had blades for hands.
You visited 3 branches of the dungeon, and saw 15 of its levels.
You also visited: Volcano.

You collected 978 gold pieces.

Inventory:

Missiles
 a - 235 arrows
Armour
 p - a scarf of resistance (worn)
 D - the +2 pair of gloves of Geommoyl (melded) {rPois Dex+3}
   (You found it on level 1 of the Lair of Beasts)

   It affects your dexterity (+3).
   It protects you from poison.
 J - a +2 robe of fire resistance (worn)
 K - a +2 hat of intelligence (worn)
Magical Staves
 N - an uncursed staff of energy (melded)
Jewellery
 b - a +4 amulet of reflection (around neck)
 e - an uncursed amulet of faith
 j - a +5 ring of protection (left scythe-like blade)
 t - an uncursed amulet of the gourmand
 z - a +5 ring of protection (right scythe-like blade)
 A - an uncursed ring of see invisible
 B - an uncursed ring of protection from fire
 O - an uncursed ring of magical power
 P - a +1 ring of evasion
 Q - an uncursed ring of magical power
 R - an uncursed ring of wizardry {unknown}
 S - a +4 ring of strength
Wands
 q - a wand of flame (97)
 C - a wand of iceblast (8)
 G - a wand of acid (8)
 T - a wand of clouds (5)
Scrolls
 i - 3 scrolls of teleportation
 k - a scroll of magic mapping
 m - 2 scrolls of summoning {unknown}
 s - a scroll of blinking
 v - 4 scrolls of amnesia
 w - 4 scrolls of remove curse
 y - 2 scrolls of fear
 F - a scroll of fog
 M - a scroll of enchant armour
Potions
 f - 4 potions of flight
 g - a potion of brilliance
 h - 2 potions of haste
 l - 4 potions of heal wounds
 n - 2 potions of berserk rage {unknown}
 o - 2 potions of cancellation
 u - 3 potions of agility
 H - 2 potions of lignification {unknown}
 I - a potion of mutation {unknown}
 L - 3 potions of curing
 U - 2 potions of ambrosia {unknown}
Books
 c - a book of Changes

   Spells                             Type                      Level
   a - Beastly Appendage              Transmutation                1
   b - Sticks to Snakes               Transmutation                2
   c - Spider Form                    Transmutation/Poison         3
   d - Ice Form                       Ice/Transmutation            4
   e - Blade Hands                    Transmutation                5
 r - a book of Cantrips

   Spells                             Type                      Level
   a - Confusing Touch                Hexes                        1
   b - Animate Skeleton               Necromancy                   1
   c - Summon Small Mammal            Summoning                    1
   d - Apportation                    Translocation                1
 x - a book of Necromancy

   Spells                             Type                      Level
   a - Pain                           Necromancy                   1
   b - Animate Skeleton               Necromancy                   1
   c - Vampiric Draining              Necromancy                   3
   d - Regeneration                   Charms/Necromancy            3
   e - Animate Dead                   Necromancy                   4
   f - Borgnjor's Vile Clutch         Necromancy/Earth             5
 E - a book of Debilitation

   Spells                             Type                      Level
   a - Corona                         Hexes                        1
   b - Slow                           Hexes                        2
   c - Inner Flame                    Hexes/Fire                   3
   d - Portal Projectile              Hexes/Translocation          3
   e - Cause Fear                     Hexes                        4
   f - Leda's Liquefaction            Hexes/Earth                  4
Comestibles
 d - 23 rations
 V - 10 chunks of flesh


   Skills:
 + Level 8.7(5.6) Fighting
 + Level 8.2(5.2) Dodging
 * Level 11.3(8.0) Unarmed Combat
 + Level 8.1(5.1) Spellcasting
 + Level 8.1(5.0) Transmutations
 + Level 9.8(6.6) Invocations


You had 12 spell levels left.
You knew the following spells:

 Your Spells              Type           Power        Failure   Level  Hunger
a - Beastly Appendage     Tmut           ###...       21%         1    None
b - Sticks to Snakes      Tmut           ###.....     24%         2    #......
c - Spider Form           Tmut/Pois      ##........   54%         3    ###....
d - Blade Hands           Tmut           ###.......   83%         5    ######.
e - Ice Form              Ice/Tmut       ##......     83%         4    ####...


Dungeon Overview and Level Annotations

Branches:
Dungeon (10/15)            Temple (1/1) D:6            Lair (4/6) D:10
 Shoals (0/4) Lair:2          Orc (0/2) D:9
  Snake: Lair:2-4    Spider: Lair:2-4

Altars:
Ashenzari
Cheibriados
Dithmenos
Elyvilon
Fedhas
Gozag
Hepliaklqana
Kikubaaqudgha
Makhleb
Nemelex Xobeh
Okawaru
Qazlal
Ru
Sif Muna
Trog
Uskayaw
Vehumet
Wu Jian
Xom
Yredelemnul
Zin
The Shining One

Shops:
D:9 (

Annotations:
D:6 wojtek's ghost, novice TrEE
Lair:4 Rupert


Innate Abilities, Weirdness & Mutations

You have a pair of antennae on your head.
You sometimes gain power by taking damage.
When hurt, damage is shared between your health and your magic reserves.
You regenerate magic rapidly.
When seriously injured, your bleeding wounds create thick armour. (AC +9)


Message History

You slice Rupert!!
Rupert is moderately wounded.
Rupert barely misses you.
You hit Rupert.
Rupert is moderately wounded.
Rupert hits you with a great mace of draining!!
You feel drained.
* * * LOW HITPOINT WARNING * * *
You slice Rupert!! Your slash misses Rupert.
Rupert is heavily wounded.
Rupert hits you with a great mace of draining!
* * * LOW HITPOINT WARNING * * *
You feel drained.
* * * LOW HITPOINT WARNING * * *
You slash Rupert!
Rupert is heavily wounded.
Rupert hits you with a great mace of draining!
* * * LOW HITPOINT WARNING * * *
You feel drained.
You die...

..##...####..####..
.≈...≈..##..## ..
.≈≈≈≈≈≈.##...#
≈≈≈≈≈≈≈..#..##
≈≈≈≈≈≈≈≈≈.#..##.
≈≈≈%≈≈≈≈.........
≈≈.>.≈≈≈≈...#P###
≈≈≈.≈≈≈≈.##.###
≈≈≈≈≈≈≈≈@# .#
≈≈≈≈≈≈≈≈@# .#
≈≈≈≈≈≈.... .#
.....≈.....
###....###.. ##.##
... .. ..>. ## ....


You could see Rupert (berserk).

Vanquished Creatures
  Gastronok (D:9)
  A stone giant (Volcano)
  Josephine (D:10)
  An ice dragon (Lair:1)
  A two-headed ogre (D:8)
  Erica (D:9)
  Pikel (D:8)
  Joseph (D:8)
  12 elephants
  2 molten gargoyles (Volcano)
  8 spiny frogs
  A gargoyle (Volcano)
  2 komodo dragons
  An efreet (Volcano)
  6 hippogriffs
  4 wraiths
  A wyvern (Lair:4)
  2 fire bats (Volcano)
  26 yaks
  A fire elemental (Volcano)
  A steam dragon (Lair:3)
  3 water moccasins
  2 ice beasts
  A black bear (D:7)
  6 orc warriors
  3 sky beasts
  An ogre (D:9)
  5 wolves (Lair:2)
  5 centaurs
  11 crocodiles
  4 big kobolds
  7 bullfrogs
  A gnoll sergeant (D:10)
  2 earth elementals (Volcano)
  A scorpion (D:3)
  9 killer bees
  5 lava snakes (Volcano)
  4 crimson imps
  A quasit (D:8)
  2 bullfrog zombies
  8 hounds
  4 jellies
  9 orc priests
  2 iguanas
  8 orc wizards
  8 worker ants
  A hound zombie (D:5)
  A hound skeleton (D:10)
  A worker ant zombie (D:6)
  Robin (D:4)
  A howler monkey skeleton (D:4)
  9 gnolls
  10 adders
  A shadow imp (D:5)
  5 worms
  3 dart slugs
  2 leopard geckos
  43 orcs
  A ball python (D:6)
  6 bats
  2 giant cockroaches
  8 hobgoblins
  5 jackals
  20 kobolds
  3 quokkas
  5 frilled lizards
  A giant cockroach zombie (D:5)
  15 goblins
  A jackal skeleton (D:7)
  5 rats
337 creatures vanquished.

Vanquished Creatures (collateral kills)
  2 adders (D:2)
  A goblin (D:2)
  A kobold (D:3)
4 creatures vanquished.

Vanquished Creatures (others)
  3 slaves (D:8)
3 creatures vanquished.

Grand Total: 344 creatures vanquished

Notes
Turn   | Place    | Note
-------+----------+-------------------------------------------
     0 | D:1      | kae the Demonspawn Transmuter began the quest for the Orb.
     0 | D:1      | Reached XP level 1. HP: 15/15 MP: 3/3
   141 | D:1      | Gained mutation: When seriously injured, your bleeding wounds create armour. (AC +9) [demonic ancestry]
   141 | D:1      | Reached XP level 2. HP: 12/21 MP: 5/5
   366 | D:1      | Reached skill level 3 in Unarmed Combat
   937 | D:2      | Learned a level 2 spell: Sticks to Snakes
  1109 | D:2      | Gained mutation: You have a pair of small antennae on your head. [demonic ancestry]
  1109 | D:2      | Reached XP level 3. HP: 26/26 MP: 3/6
  1822 | D:2      | Learned a level 3 spell: Spider Form
  2186 | D:3      | Reached XP level 4. HP: 27/33 MP: 7/7
  2563 | D:3      | Found a hide-covered altar of Uskayaw.
  2636 | D:3      | Gained mutation: You have a pair of antennae on your head. [demonic ancestry]
  2636 | D:3      | Reached XP level 5. HP: 15/38 MP: 2/8
  3232 | D:3      | Reached skill level 4 in Unarmed Combat
  3909 | D:4      | Noticed Robin
  3910 | D:4      | Gained mutation: You sometimes gain a little power by taking damage. [demonic ancestry]
  3910 | D:4      | Reached XP level 6. HP: 41/46 MP: 3/10
  3984 | D:4      | Killed Robin
  4994 | D:4      | Reached XP level 7. HP: 44/52 MP: 11/11
  5250 | D:5      | Entered Level 5 of the Dungeon
  5535 | D:5      | Reached skill level 5 in Unarmed Combat
  6242 | D:5      | Gained mutation: When hurt, damage is shared between your health and your magic reserves. [demonic ancestry]
  6242 | D:5      | Reached XP level 8. HP: 40/60 MP: 8/13
  6787 | D:6      | Noticed wojtek's ghost (novice TrEE)
  6813 | D:6      | Found a staircase to the Ecumenical Temple.
  6938 | Temple   | Entered the Ecumenical Temple
  7065 | Temple   | Became a worshipper of Makhleb the Destroyer
  7109 | D:6      | Reached skill level 6 in Unarmed Combat
  7115 | D:6      | Reached skill level 1 in Invocations
  7415 | D:6      | Found a white marble altar of Elyvilon.
  8760 | D:7      | Noticed a hippogriff
  8775 | D:7      | Killed a hippogriff
  8775 | D:7      | Reached XP level 9. HP: 46/66 MP: 8/15
  8822 | D:7      | Reached * piety under Makhleb
  8935 | D:7      | Reached skill level 7 in Unarmed Combat
  8942 | D:7      | Reached skill level 5 in Fighting
  9335 | D:7      | Reached skill level 5 in Spellcasting
  9339 | D:7      | Reached skill level 5 in Dodging
  9342 | D:7      | Reached skill level 5 in Transmutations
 10006 | D:8      | Noticed Pikel
 10023 | D:8      | Killed Pikel
 10177 | D:8      | Noticed Joseph
 10204 | D:8      | Killed Joseph
 10204 | D:8      | Reached skill level 5 in Invocations
 10204 | D:8      | Gained mutation: When seriously injured, your bleeding wounds create thick armour. (AC +9) [demonic ancestry]
 10204 | D:8      | Reached XP level 10. HP: 25/76 MP: 3/18
 10497 | D:8      | Noticed a two-headed ogre
 10510 | D:8      | Killed a two-headed ogre
 10510 | D:8      | Reached skill level 8 in Unarmed Combat
 10947 | D:9      | Found a staircase to the Orcish Mines.
 10948 | D:9      | Found Wuwud's Weapon Shop.
 11349 | D:9      | Reached ** piety under Makhleb
 11698 | D:9      | Noticed Erica
 11708 | D:9      | Killed Erica
 11860 | D:9      | Noticed Gastronok
 11904 | D:9      | Killed Gastronok
 11904 | D:9      | Reached skill level 9 in Unarmed Combat
 11904 | D:9      | Gained mutation: You sometimes gain power by taking damage. [demonic ancestry]
 11904 | D:9      | Reached XP level 11. HP: 47/83 MP: 12/20
 12138 | D:10     | Entered Level 10 of the Dungeon
 12138 | D:10     | Noticed Josephine
 12994 | D:10     | Killed Josephine
 13337 | D:10     | Found a staircase to the Lair.
 13524 | D:10     | Reached *** piety under Makhleb
 13665 | Lair:1   | Entered Level 1 of the Lair of Beasts
 13760 | Lair:1   | Learned a level 5 spell: Blade Hands
 13765 | Lair:1   | Learned a level 4 spell: Ice Form
 14255 | Lair:1   | Reached skill level 10 in Unarmed Combat
 14413 | Lair:1   | Noticed an ice dragon
 14444 | Lair:1   | Killed an ice dragon
 14552 | Lair:1   | Got a pair of scorched gloves
 14561 | Lair:1   | Identified the +2 pair of gloves of Geommoyl {rPois Dex+3} (You found it on level 1 of the Lair of Beasts)
 15252 | Lair:2   | Found a staircase to the Shoals.
 15612 | Lair:2   | Gained mutation: You regenerate magic rapidly. [demonic ancestry]
 15612 | Lair:2   | Reached XP level 12. HP: 70/92 MP: 20/22
 15751 | Lair:2   | Found a dark tunnel.
 15763 | Volcano  | Entered a volcano
 16453 | Volcano  | Found a radiant altar of Vehumet.
 16530 | Volcano  | Noticed a stone giant
 16538 | Volcano  | Killed a stone giant
 16719 | Volcano  | Reached **** piety under Makhleb
 17824 | Lair:3   | Reached skill level 11 in Unarmed Combat
 18784 | Lair:4   | Noticed Rupert
 18806 | Lair:4   | HP: 2/94 [Rupert/great mace of draining (11)]
 18806 | Lair:4   | Slain by Rupert

Skill      XL: |  1  2  3  4  5  6  7  8  9 10 11 12 |
---------------+-------------------------------------+-----
Unarmed Combat | 3 4 5 6 7 9 10 11 | 11.3
Transmutations | 2 3 4 5 6 7 8 |  8.1
Dodging        | 2 3 4 5 6 7 8 |  8.2
Fighting       | 2 3 4 5 6 7 8 |  8.7
Spellcasting   | 3 4 5 6 7 8 |  8.1
Invocations    | 2 5 6 8 9 |  9.8

Action                   |  1- 3 |  4- 6 |  7- 9 | 10-12 || total
-------------------------+-------+-------+-------+-------++-------
Melee: Unarmed           |   116 |   217 |   449 |   769 ||  1551
       Headbutt          |     3 |       |       |       ||     3
       Punch             |     1 |     1 |     4 |    24 ||    30
       Kick              |     4 |     8 |    14 |       ||    26
       Staff             |       |       |       |    37 ||    37
 Cast: Beastly Appendage |    12 |     6 |     2 |     1 ||    21
       Sticks to Snakes  |     5 |     1 |     4 |     1 ||    11
       Spider Form       |     1 |    16 |    31 |    38 ||    86
       Blade Hands       |       |       |       |    22 ||    22
       Ice Form          |       |       |       |     4 ||     4
 Abil: End Transformatio |       |       |       |     1 ||     1
  Use: Scroll            |     2 |     7 |    12 |     5 ||    26
       Potion            |       |       |     2 |     5 ||     7
 Stab: Distracted        |     1 |       |       |       ||     1
       Sleeping          |       |     2 |     2 |     3 ||     7
  Eat: Chunk             |     4 |    10 |    17 |    24 ||    55
       Ration            |       |     1 |     1 |     2 ||     4
Armor: Robe              |    27 |    18 |    78 |   114 ||   237
       Skin              |       |     8 |    43 |    50 ||   101
Dodge: Dodged            |    63 |   180 |   424 |   692 ||  1359
Block: Other             |       |       |       |    46 ||    46
